 Dungeon Crawl Stone Soup version 0.30.1-4-g462c640d31 (webtiles) character file.

Game seed: 7557759765376337491

6895 Aviaq the Shooter (level 10, -6/32 (81) HPs)
             Began as a Grey Draconian Hunter on Aug 22, 2023.
             Was an Initiate of Yredelemnul.
             Mangled by turdburglar's ghost (8 damage)
             ... on level 8 of the Dungeon on Aug 27, 2023.
             The game lasted 00:45:12 (8400 turns).

Aviaq the Shooter (Grey Draconian Hunter)           Turns: 8400, Time: 00:45:14

HP:   -6/32 (81)    AC: 17    Str: 13    XL:     10   Next: 79%
MP:   16/16         EV: 16    Int: 12    God:    Yredelemnul [......]
Gold: 348           SH:  5    Dex: 21    Spells: 2/18 levels left

rFire   . . .        n - +2 dagger (venom)
rCold   + . .        (no shield)
rNeg    . . .        (body armour unavailable)
rPois   .            c - +1 hat
rElec   .            i - scarf {repulsion}
rCorr   .            (no gloves)
SInv    .            (no boots)
Will    .....        h - amulet of reflection
Stlth   +++          d - +6 ring of dexterity
HPRegen 0.25/turn    t - +4 ring of protection
MPRegen 0.15/turn

%: repel missiles, reflection
@: extremely drained
A: AC +12, amphibious, unfitting armour, cold-blooded, cold resistance 1, dopey
1
a: Renounce Religion, Recall Undead Harvest


You were on level 8 of the Dungeon.
You worshipped Yredelemnul.
Yredelemnul was noncommittal.
You visited 1 branch of the dungeon, and saw 8 of its levels.

You collected 504 gold pieces.
You spent 156 gold pieces at shops.

Inventory:

Hand Weapons
 a - a +0 shortbow
 n - a +2 dagger of venom (weapon)
Missiles
 r - 3 boomerangs (quivered)
 A - 6 javelins
Armour
 c - a +1 hat (worn)
 i - a scarf of repulsion (worn)
Jewellery
 d - a +6 ring of dexterity (left hand)
 h - an amulet of reflection (around neck)
 t - a +4 ring of protection (right hand)
 w - a +6 ring of strength
Wands
 e - a wand of paralysis (7)
Scrolls
 b - a scroll of fog
 k - a scroll of magic mapping
 u - 2 scrolls of amnesia
 v - 2 scrolls of noise
 y - 2 scrolls of poison
 C - a scroll of torment
Potions
 l - a potion of attraction
 x - 2 potions of brilliance


   Skills:
 * Level 5.5 Fighting
 * Level 4.5 Short Blades
 * Level 7.0 Ranged Weapons
 * Level 3.2 Throwing
 * Level 5.5 Dodging
 * Level 5.1 Stealth
 + Level 2.6 Shields
 * Level 4.6 Spellcasting
 * Level 4.0 Hexes
 * Level 3.7 Transmutations
 * Level 3.9 Ice Magic
 * Level 4.8 Invocations


You had 2 spell levels left.
You knew the following spells:

 Your Spells              Type           Power      Damage    Failure   Level
a - Tukima's Dance        Hex            12%        N/A       12%         3
b - Ensorcelled Hibernat  Hex/Ice        24%        N/A       6%          2
c - Wereblood             Tmut           11%        N/A       7%          2
d - Frozen Ramparts       Ice            24%        1d4       12%         3
e - Inner Flame           Hex/Fire       7%         N/A       26%         3
f - Ignite Poison         Fire/Tmut/Pois 5%         N/A       36%         3

Your spell library contained the following spells:

 Spells                   Type           Power      Damage    Failure   Level
 Freeze                   Ice            48%        1d6       4%          1
 Passwall                 Tmut/Erth      5%         N/A       14%         2
 Magic Dart               Conj           8%         1d3       22%         1
 Call Imp                 Summ           4%         N/A       32%         2
 Lesser Beckoning         Tloc           4%         N/A       32%         2
 Sublimation of Blood     Necr           2%         N/A       32%         2
 Portal Projectile        Hex/Tloc       14%        N/A       26%         3
 Hailstorm                Conj/Ice       7%         3d4       28%         3
 Spider Form              Tmut/Pois      7%         N/A       28%         3
 Ice Form                 Ice/Tmut       12%        N/A       38%         4
 Gell's Gravitas          Tloc           2%         N/A       54%         3
 Mephitic Cloud           Conj/Pois/Air  2%         N/A       54%         3
 Swiftness                Air            2%         N/A       54%         3
 Teleport Other           Tloc           2%         N/A       54%         3
 Anguish                  Hex/Necr       3%         N/A       65%         4
 Blade Hands              Tmut           5%         N/A       77%         5
 Flame Wave               Conj/Fire      2%         2d4       91%         4
 Passage of Golubria      Tloc           2%         N/A       91%         4
 Sticky Flame             Conj/Fire      2%         2d3       91%         4
 Summon Lightning Spire   Summ/Air       2%         N/A       91%         4
 Silence                  Hex/Air        3%         N/A       94%         5
 Storm Form               Tmut/Air       3%         N/A       100%        7
 Summon Hydra             Summ           1%         N/A       100%        7
 Ignition                 Fire           1%         3d3       100%        8
 Lehudib's Crystal Spear  Conj/Erth      1%         10d2      100%        8
 Maxwell's Capacitive Co  Air            1%         ∞         100%        8
 Simulacrum               Ice/Necr       Unusable   N/A       N/A         6

Dungeon Overview and Level Annotations

Branches:
Dungeon (8/15)             Temple (0/1) D:7            Lair (0/5) D:8

Altars:
Cheibriados
Gozag
Kikubaaqudgha
Trog
Uskayaw
Wu Jian
Xom
Yredelemnul
Zin
The Shining One

Shops:
D:6 *

Annotations:
D:8 Fractals's ghost, novice DsBr; turdburglar's ghost, novice HuHu


Innate Abilities, Weirdness & Mutations

Your dull iron-grey scales are very hard. (AC +12)
You are amphibious.
You cannot fit into any form of body armour.
You are cold-blooded and may be slowed by cold attacks.
Your flesh is cold resistant. (rC+)
You are dopey. (Int -2)


Message History

You feel drained. Turdburglar's ghost hits you!
* * * LOW HITPOINT WARNING * * *
You hit Fractals's ghost but do no damage.
You tail-slap Fractals's ghost, but do no damage.
Fractals's ghost is severely damaged.
Fractals's ghost misses you. Turdburglar's ghost barely misses you.
You hit Fractals's ghost but do no damage.
Fractals's ghost is severely damaged.
You hit Fractals's ghost but do no damage.
You tail-slap Fractals's ghost, but do no damage.
Fractals's ghost is severely damaged.
Fractals's ghost barely misses you.
Turdburglar's ghost hits you but does no damage.
You hit Fractals's ghost but do no damage.
You tail-slap Fractals's ghost, but do no damage.
Fractals's ghost is severely damaged.
Fractals's ghost closely misses you. Turdburglar's ghost hits you.
* * * LOW HITPOINT WARNING * * *
You hit Fractals's ghost but do no damage.
Fractals's ghost is severely damaged.
You block Fractals's ghost's attack. Turdburglar's ghost closely misses you.
You completely miss Fractals's ghost. You tail-slap Fractals's ghost.
Fractals's ghost is severely damaged.
You hit Fractals's ghost.
Fractals's ghost is severely damaged.
You block Fractals's ghost's attack. Turdburglar's ghost hits you.
* * * LOW HITPOINT WARNING * * *
You completely miss Fractals's ghost.
Fractals's ghost is severely damaged.
Fractals's ghost barely misses you.
Turdburglar's ghost hits you but does no damage.
You hit Fractals's ghost.
You tail-slap Fractals's ghost, but do no damage.
Fractals's ghost is severely damaged.
Fractals's ghost hits you but does no damage.
You feel drained.
Turdburglar's ghost says, "Do you have an apple?
I have a shot I want to try."
Turdburglar's ghost hits you!
You die...
Your body rises from the dead as a mindless zombie.

##......#....#...≈...#
####..#....##....#######.
#..........#...#.#......#
#........................
###'''####...............
*♣.......♣#...............
#⌠.?.....⌠#...............
#♣......W♣#............#..
#}......W@#.......#.......
##8.....8##.>.....#...###.
##:♣⌠♣:##.......)#.#...##
#######...........#.Z...
#...............Z##
##..........###..ZZ
##......##..####..#
#.......###..##..##
###..............###


You could see Fractals's ghost and turdburglar's ghost.

Vanquished Creatures
  Amaemon (D:8)
  Maggie (D:8)
  Prince Ribbit (D:8)
  Sigmund (D:6)
  4 yaks (D:8)
  2 black bears
  A spectral demonspawn (D:8)
  2 ice beasts (D:7)
  3 ogres
  A centaur (D:6)
  A phantom (D:6)
  A kobold brigand (D:6)
  3 bullfrogs
  3 scorpions
  A crimson imp (D:4)
  A gnoll bouda (D:5)
  2 jellies
  2 sleepcaps (D:5)
  An orc priest (D:5)
  4 iguanas
  2 orc wizards (D:7)
  7 gnolls
  6 adders
  3 white imps
  An ufetubus (D:7)
  2 dart slugs
  17 orcs
  4 bats
  A bat zombie (D:2)
  3 endoplasms (D:1)
  2 giant cockroaches
  A goblin (D:4)
  5 hobgoblins
  5 jackals
  9 kobolds
  2 quokkas
  3 ball pythons
  A ball python skeleton (D:2)
  3 frilled lizards (D:1)
  2 quokka zombies (D:2)
  4 rats (D:1)
119 creatures vanquished.

Vanquished Creatures (collateral kills)
  Gastronok (D:8)
  Erica (D:8)
  Joseph (D:7)
  An orange demon (D:8)
  A yak (D:8)
  An acid dragon (D:6)
  A water moccasin (D:7)
  An orc warrior (D:7)
  A black bear (D:7)
  3 centaurs
  An ogre (D:6)
  Blork the orc (D:6)
  A black bear zombie (D:7)
  2 sleepcaps
  An orc wizard (D:7)
  A gnoll (D:5)
  An adder (D:5)
  A white imp (D:7)
  An adder zombie (D:2)
  4 orcs
  2 bat zombies (D:2)
  2 goblins (D:2)
  A hobgoblin (D:2)
  A quokka (D:3)
  A ball python (D:3)
  2 rats
35 creatures vanquished.

Vanquished Creatures (others)
  An elephant slug zombie (D:8)
  2 dancing weapons
  A water moccasin (D:6)
  2 human zombies (D:8)
  2 yak zombies (D:8)
  A bullfrog zombie (D:8)
  A centaur zombie (D:8)
  A scorpion zombie (D:7)
  An adder zombie (D:5)
  2 iguana zombies
  A bat zombie (D:2)
  2 gnoll zombies (D:5)
  3 ball python zombies
  A giant cockroach zombie (D:2)
  2 hobgoblin zombies (D:4)
  4 jackal zombies
  A kobold zombie (D:3)
  6 orc zombies
  A quokka zombie (D:3)
35 creatures vanquished.

Grand Total: 189 creatures vanquished

Notes
Turn   | Place    | Note
-------+----------+-------------------------------------------
     0 | D:1      | Aviaq the Draconian Hunter began the quest for the Orb.
     0 | D:1      | Reached XP level 1. HP: 17/17 MP: 1/1
   122 | D:1      | Reached skill level 1 in Stealth
   122 | D:1      | Reached XP level 2. HP: 24/24 MP: 2/2
   174 | D:2      | Reached skill level 4 in Ranged Weapons
   193 | D:2      | Found a faded altar of an unknown god.
   219 | D:2      | Prayed at the altar of an unknown god.
   219 | D:2      | Became a worshipper of Yredelemnul the Dark
   219 | D:2      | Reached * piety under Yredelemnul
   324 | D:2      | Reached XP level 3. HP: 29/29 MP: 3/3
  1503 | D:3      | Reached XP level 4. HP: 37/37 MP: 3/5
  1738 | D:3      | Reached ** piety under Yredelemnul
  1864 | D:3      | Learned a level 3 spell: Tukima's Dance
  2184 | D:4      | Reached XP level 5. HP: 37/44 MP: 6/6
  2636 | D:4      | Reached skill level 5 in Ranged Weapons
  2826 | D:4      | Reached skill level 1 in Spellcasting
  2897 | D:4      | Noticed an ogre
  2906 | D:4      | Killed an ogre
  2907 | D:4      | Reached skill level 1 in Hexes
  2907 | D:4      | Reached skill level 1 in Invocations
  2907 | D:4      | Reached XP level 6. HP: 40/51 MP: 7/7
  3216 | D:5      | Entered Level 5 of the Dungeon
  3526 | D:5      | Reached skill level 1 in Short Blades
  3526 | D:5      | Your scales start taking on a dull iron-grey colour.
  3526 | D:5      | Reached XP level 7. HP: 27/57 MP: 2/9
  3674 | D:5      | Found a hide-covered altar of Uskayaw.
  3679 | D:5      | Found a shimmering altar of Xom.
  3680 | D:5      | Found a snail-covered altar of Cheibriados.
  3884 | D:5      | Found an ancient bone altar of Kikubaaqudgha.
  3887 | D:5      | Found an opulent altar of Gozag.
  3888 | D:5      | Found a bloodstained altar of Trog.
  3892 | D:5      | Found a glowing golden altar of the Shining One.
  3895 | D:5      | Found a glowing silver altar of Zin.
  3896 | D:5      | Found an ornate altar of the Wu Jian Council.
  3994 | D:5      | Reached skill level 6 in Ranged Weapons
  4177 | D:5      | Learned a level 2 spell: Ensorcelled Hibernation
  4180 | D:5      | Learned a level 2 spell: Wereblood
  4416 | D:6      | Found Feell's Neck Hole.
  4418 | D:6      | Noticed Blork the orc
  4423 | D:6      | Bought a scarf of repulsion for 156 gold pieces
  4512 | D:6      | Killed Blork the orc
  4636 | D:6      | Reached XP level 8. HP: 66/66 MP: 4/11
  4913 | D:6      | Noticed Sigmund
  4924 | D:6      | Killed Sigmund
  4925 | D:6      | Reached skill level 1 in Transmutations
  4925 | D:6      | Reached skill level 1 in Ice Magic
  5141 | D:6      | Reached skill level 1 in Shields
  5261 | D:6      | Reached skill level 1 in Throwing
  5703 | D:7      | Noticed Joseph
  6041 | D:7      | Killed Joseph
  6042 | D:7      | Reached XP level 9. HP: 47/72 MP: 10/13
  6258 | D:7      | Identified the +3 leather armour "Zamayl" {Contam Harm
                  | rPois Str+3}
  6311 | D:7      | Reached *** piety under Yredelemnul
  6737 | D:7      | Found a staircase to the Ecumenical Temple.
  6779 | D:8      | Noticed Prince Ribbit
  6779 | D:8      | Noticed Gastronok
  6821 | D:8      | Noticed Maggie
  6828 | D:8      | Noticed an orange demon
  6831 | D:8      | Noticed Amaemon
  6851 | D:8      | Killed Maggie
  7054 | D:8      | Killed Prince Ribbit
  7072 | D:8      | Killed Gastronok
  7073 | D:8      | Reached skill level 5 in Fighting
  7073 | D:8      | Reached XP level 10. HP: 13/81 MP: 14/16
  7172 | D:8      | Noticed Erica
  7209 | D:8      | Killed Erica
  7210 | D:8      | Reached skill level 5 in Dodging
  7232 | D:8      | Your ally Gastronok died
  7249 | D:8      | Your ally Erica died
  7250 | D:8      | Your ally Prince Ribbit died
  7251 | D:8      | Killed Amaemon
  7729 | D:8      | Reached skill level 7 in Ranged Weapons
  7732 | D:8      | Reached skill level 5 in Stealth
  7788 | D:8      | Found a runed translucent gate.
  7794 | D:8      | Found a runed translucent gate.
  7795 | D:8      | Found a runed translucent gate.
  7800 | D:8      | Noticed Fractals's ghost (novice DsBr)
  7802 | D:8      | Noticed turdburglar's ghost (novice HuHu)
  7859 | D:8      | Killed an orange demon
  7929 | D:8      | Learned a level 3 spell: Frozen Ramparts
  7933 | D:8      | Learned a level 3 spell: Inner Flame
  7937 | D:8      | Learned a level 3 spell: Ignite Poison
  8002 | D:8      | Found a staircase to the Lair.
  8223 | D:8      | Gained mutation: You are dopey. (Int -2) [potion of
                  | mutation]
  8223 | D:8      | Gained mutation: Your flesh is cold resistant. (rC+)
                  | [potion of mutation]
  8400 | D:8      | Mangled by turdburglar's ghost

Illustrated notes

Levels and vault maps discovered:
D:1:      dpeg_arrival_tiny_a, layout_rooms
D:2:      layout_basic, hellmonk_ecumenical_altar_crossroads, serial_undead,
          serial_undead_f, serial_undead_a, serial_undead_f, serial_undead_a
D:3:      layout_loops_ring
D:4:      layout_loops_corners, minmay_fire_ice_demons
D:5:      layout_rooms, nicolae_overflow_hallway_of_the_gods, item_on_display_a
D:6:      minmay_chambers_of_fours, layout_basic, minivault_22,
          nicolae_shop_sticking_my_neck_out, uniq_blork_the_orc, uniq_sigmund
D:7:      layout_rooms, minmay_temple_entry_antechambers,
          kennysheep_cross_bottleneck, uniq_joseph
D:8:      layout_cave_pools, dpeg_oklobed_lair, gammafunk_ghost_cemetery,
          uniq_prince_ribbit1, uniq_amaemon, uniq_erica, uniq_maggie,
          uniq_gastronok

Skill      XL: |  1  2  3  4  5  6  7  8  9 10 |
---------------+-------------------------------+-----
Stealth        | 1 2 3 4 5 |  5.1
Ranged Weapons | 4 5 6 7 |  7.0
Dodging        | 2 3 4 5 |  5.5
Spellcasting   | 1 2 3 4 |  4.6
Fighting       | 3 4 5 |  5.5
Hexes          | 1 2 3 4 |  4.0
Invocations    | 1 2 3 4 |  4.8
Short Blades   | 1 2 3 4 |  4.5
Transmutations | 1 3 |  3.7
Ice Magic      | 2 3 |  3.9
Shields        | 1 2 |  2.6
Throwing       | 1 2 3 |  3.2

Action                     |  1- 3 |  4- 6 |  7- 9 | 10-12 || total
---------------------------+-------+-------+-------+-------++-------
  Melee: Dagger            |       |    41 |   221 |   204 ||   466
         Tailslap          |       |     8 |    41 |    46 ||    95
         Punch             |       |       |     8 |     2 ||    10
   Fire: Shortbow          |    65 |    96 |       |       ||   161
  Throw: Boomerang         |       |       |     8 |    20 ||    28
   Cast: Tukima's Dance    |       |     3 |    16 |     4 ||    23
         Ensorcelled Hiber |       |       |     2 |     3 ||     5
         Wereblood         |       |       |       |     2 ||     2
         Ignite Poison     |       |       |       |     1 ||     1
 Invoke: Recall Undead Har |     1 |     4 |     1 |     1 ||     7
    Use: Scroll            |     3 |     2 |     7 |     9 ||    21
         Potion            |       |       |     5 |    10 ||    15
   Stab: Sleeping          |       |       |     7 |     1 ||     8
         Distracted        |       |       |     3 |     2 ||     5
 Armour: Skin              |    15 |    22 |   110 |    80 ||   227
  Dodge: Dodged            |    31 |    58 |   173 |    78 ||   340
         Repelled          |       |       |     5 |     4 ||     9
  Block: Other             |       |    20 |    72 |    44 ||   136
         Reflection        |       |     3 |     7 |     1 ||    11
